 Dungeon Crawl Stone Soup version 0.14.0-26-g1682e81 (webtiles) character file.

3281 Heini the Cleaver (level 9, -6/82 HPs)
             Began as a Hill Orc Fighter on Apr 27, 2014.
             Mangled by an orc warrior
             ... wielding a +0,+0 hand axe
              (18 damage)
             ... on Level 7 of the Dungeon.
             The game lasted 00:24:26 (7462 turns).

Heini the Cleaver (Hill Orc Fighter)                Turns: 7462, Time: 00:24:26

HP  -6/82        AC 10     Str 22      XL: 9   Next: 82%
MP   9/9         EV  7     Int  8      God:
Gold 313         SH 19     Dex 10      Spells:  0 memorised,  8 levels left

rFire  . . .     SeeInvis .     a - +1,-1 war axe
rCold  . . .     Clarity  .     b - +0 scale mail (curse)
rNeg   . . .     Conserve .     c - +0 shield
rPois  .         rCorr    .     I - +0 helmet
rElec  .         rRot     .     w - -1 cloak (curse)
SustAb . .       Spirit   .     (no gloves)
rMut   .         Warding  .     (no boots)
Saprov + . .     Stasis   .     (no amulet)
MR     .....                    (no ring)
                                (no ring)

@: not resistant to hostile enchantments, extremely unstealthy
A: saprovore 1
a: no special abilities


You were on level 7 of the Dungeon.
You were not hungry.

You visited 1 branch of the dungeon, and saw 7 of its levels.

You collected 313 gold pieces.

Inventory:

Hand weapons
 a - a +1,-1 war axe (weapon)
Armour
 b - a cursed +0 scale mail (worn)
 c - a +0 shield (worn)
 e - a +0 plate armour
 w - a cursed -1 cloak (worn)
 I - a +0 helmet (worn)
Magical devices
 g - a wand of magic darts (0)
 p - a wand of teleportation (0)
 t - a wand of random effects (13) {unknown}
 v - a wand of confusion (0)
 D - a wand of random effects (13) {unknown}
Comestibles
 d - a meat ration
 l - 6 bread rations
 x - 2 chokos
 z - a chunk of adder flesh
Scrolls
 f - 8 scrolls of remove curse
 i - a scroll of immolation
 n - a scroll of random uselessness
 q - 2 scrolls of blinking
 s - 2 scrolls of amnesia
 u - a scroll of identify
 y - 3 scrolls of teleportation
 B - 2 scrolls of enchant weapon II
 G - a scroll of recharging
Jewellery
 j - an uncursed ring of protection from magic
 m - a cursed ring of fire
Potions
 h - 4 potions of curing
 k - a potion of agility
 o - a potion of invisibility
 r - a potion of magic
 A - a potion of brilliance
 F - a potion of lignification
 K - a potion of berserk rage


   Skills:
 * Level 8.8 Fighting
 * Level 11.5 Axes
 * Level 8.8 Armour
 - Level 0.1 Dodging
 - Level 3.4 Shields


You had 8 spell levels left.
You didn't know any spells.

Dungeon Overview and Level Annotations

Branches:
Dungeon (7/15)
 Temple: D:4-7

Altars:
Ashenzari
Fedhas
Makhleb
Sif Muna

Shops:
D:7 !


Innate Abilities, Weirdness & Mutations

You can tolerate rotten meat.


Message History

You block the orc warrior's attack.
You hit the orc warrior.
The orc warrior is severely wounded.
You block the orc warrior's attack.
Your shield and scale mail prevent you from hitting the orc warrior.
The orc warrior is severely wounded.
You block the orc warrior's attack.
You slash the orc warrior!
The orc warrior is almost dead.
You barely miss the orc warrior.
The orc warrior is almost dead.
The orc warrior hits you but does no damage.
You hit the orc warrior.
The orc warrior is almost dead.
The orc warrior hits you with a hand axe!
* * * LOW HITPOINT WARNING * * *
You hit the orc warrior but do no damage.
The orc warrior is almost dead.
The orc warrior hits you with a hand axe!
You die...

...# ...#### ......
######....# ?
#...##....# #.
#...#.....#
##.>##.∩.#...####
#.......#...o%....###.
...........@.........
.......#...#.#...###.
###.###..............
#.....###<........
#..... #.#.###...
#..... #.#.# ...
#.###. #.#.#... .
#.###%#.#....
#.#...#.....


You could see an orc warrior.

Vanquished Creatures
  Prince Ribbit (D:6)
  Eustachio (D:5)
  Edmund (D:5)
  Menkaure (D:6)
  A necrophage (D:6)
  2 orc warriors (D:6)
  A black bear (D:6)
  A phantom (D:7)
  A sky beast (D:5)
  5 ogres
  2 centaurs (D:5)
  Duvessa (D:6)
  2 giant frogs (D:6)
  2 scorpions
  A jelly (D:6)
  A goliath beetle (D:6)
  Dowan (D:6)
  A quasit (D:6)
  A yellow wasp zombie (D:5)
  An orc priest (D:7)
  Crazy Yiuf (D:2)
  A giant frog skeleton (D:4)
  2 hounds (D:4)
  A centaur skeleton (D:4)
  An iguana (D:4)
  3 worker ants
  5 orc wizards
  Ijyb (D:4)
  A necrophage skeleton (D:6)
  2 mummies (D:6)
  A worker ant zombie (D:6)
  4 gnolls (D:3)
  A green rat (D:5)
  2 shadow imps
  12 adders
  2 worms
  An orc zombie (D:5)
  A giant eyeball (D:6)
  4 oozes
  19 orcs
  13 bats
  5 giant cockroaches
  12 hobgoblins
  10 jackals
  10 kobolds
  6 quokkas
  4 giant geckos
  12 giant newts
  17 goblins
  A hobgoblin skeleton (D:6)
  A hobgoblin zombie (D:6)
  14 rats
  A ballistomycete (D:6)
199 creatures vanquished.

Vanquished Creatures (others)
  A hobgoblin (D:1)
  A giant spore (D:6)
2 creatures vanquished.

Grand Total: 201 creatures vanquished

Notes
Turn   | Place    | Note
--------------------------------------------------------------
     0 | D:1      | Heini, the Hill Orc Fighter, began the quest for the Orb.
     0 | D:1      | Reached XP level 1. HP: 19/19 MP: 1/1
   111 | D:1      | Reached XP level 2. HP: 16/27 MP: 2/2
   558 | D:1      | Reached skill level 4 in Fighting
   831 | D:2      | Reached XP level 3. HP: 25/33 MP: 3/3
  1383 | D:2      | Reached XP level 4. HP: 19/41 MP: 4/4
  1853 | D:2      | Noticed Crazy Yiuf
  1858 | D:2      | Killed Crazy Yiuf
  2114 | D:3      | Reached XP level 5. HP: 8/47 MP: 5/5
  2121 | D:3      | HP: 2/47 [gnoll/spear (8)]
  2783 | D:3      | Reached skill level 5 in Fighting
  2887 | D:3      | Reached skill level 5 in Armour
  3110 | D:4      | Reached XP level 6. HP: 45/56 MP: 6/6
  3114 | D:4      | Reached skill level 5 in Axes
  3131 | D:4      | Noticed Ijyb
  3139 | D:4      | Killed Ijyb
  3245 | D:4      | Noticed an ogre
  3254 | D:4      | Killed an ogre
  3254 | D:4      | Reached XP level 7. HP: 52/61 MP: 7/7
  3256 | D:4      | Reached skill level 6 in Axes
  3621 | D:5      | Entered Level 5 of the Dungeon
  3624 | D:5      | Noticed Eustachio
  3633 | D:5      | Killed Eustachio
  3633 | D:5      | Reached skill level 7 in Axes
  3650 | D:5      | Noticed Edmund
  3669 | D:5      | Killed Edmund
  3906 | D:5      | Reached XP level 8. HP: 36/71 MP: 8/8
  4158 | D:5      | Reached skill level 8 in Axes
  4512 | D:5      | Found a deep blue altar of Sif Muna.
  4512 | D:5      | Found a burning altar of Makhleb.
  4513 | D:5      | Found a shattered altar of Ashenzari.
  4538 | D:5      | Found a blossoming altar of Fedhas.
  5043 | D:6      | Reached skill level 9 in Axes
  5263 | D:6      | Reached XP level 9. HP: 74/80 MP: 9/9
  5364 | D:6      | Noticed Prince Ribbit
  5390 | D:6      | Killed Prince Ribbit
  5390 | D:6      | Reached skill level 10 in Axes
  6054 | D:6      | Paralysed by a giant eyeball for 2 turns
  6109 | D:6      | Noticed Menkaure
  6120 | D:6      | Killed Menkaure
  6440 | D:6      | Noticed Duvessa
  6452 | D:6      | Noticed Dowan
  6469 | D:6      | Killed Duvessa
  6479 | D:6      | Reached skill level 11 in Axes
  6836 | D:6      | Killed Dowan
  7342 | D:7      | Found Braibuo's Distillery.
  7462 | D:7      | Mangled by an orc warrior

Action                   |  1- 3 |  4- 6 |  7- 9 || total
-------------------------+-------+-------+-------++-------
Melee: War axe           |   172 |   169 |   460 ||   801
Evoke: Wand              |       |       |     1 ||     1
  Use: Scroll            |       |    12 |     5 ||    17
       Potion            |       |     3 |     5 ||     8
